 Dungeon Crawl Stone Soup version 0.22-a0-149-g870e420 (webtiles) character file.

219 mhoghedin the Conjurer (level 5, 0/57 HPs)
             Began as a Draconian Conjurer on Feb 7, 2018.
             Succumbed to a worker ant's poison
             ... on level 4 of the Dungeon.
             The game lasted 00:06:21 (3711 turns).

mhoghedin the Conjurer (Draconian Conjurer)         Turns: 3711, Time: 00:06:22

Health: 0/57       AC: 22    Str: 12 (15) XL:     5   Next: 63%
Magic:  1/11       EV:  2    Int: 14 (17) God:
Gold:   187        SH:  0    Dex:  9 (11) Spells: 6/12 levels left

rFire    . . .     SeeInvis .   c - +0 dagger
rCold    . . .     Gourm    .   (no shield)
rNeg     + + +     Faith    .   (armour unavailable)
rPois    +         Spirit   .   (helmet currently unavailable)
rElec    .         Reflect  .   (cloak currently unavailable)
rCorr    .         Harm     .   (gloves currently unavailable)
MR       .....     NoTele   +   (boots currently unavailable)
Stlth    +.........             (no amulet)
HPRegen  0.19/turn              (no ring)
MPRegen  0.12/turn              (no ring)

@: mighty, lethally poisoned (0 -> -8), tree-form, very slightly contaminated,
heavily drained
A: unfitting armour, AC +5
a: no special abilities


You were on level 4 of the Dungeon.
You were not hungry.
You were a tree.
You visited 1 branch of the dungeon, and saw 4 of its levels.

You collected 187 gold pieces.

Inventory:

Hand Weapons
 c - a +0 dagger (weapon)
   (You found it on level 1 of the Dungeon)
Magical Staves
 f - an uncursed staff of death {rN+}
   (You found it on level 1 of the Dungeon)
Scrolls
 e - 2 scrolls of remove curse
 h - a scroll of immolation {!r}
 i - a scroll of amnesia
 r - a scroll of fog
Potions
 d - a potion of agility
 g - 2 potions of cancellation
 l - 2 potions of might
Books
 a - a book of Conjurations
 j - a book of Cantrips
   (You found it on level 2 of the Dungeon)
Comestibles
 b - 6 rations
 m - 2 chunks of flesh {@w0}


   Skills:
 - Level 1.7(0.4) Dodging
 - Level 1.7(0.4) Stealth
 + Level 4.1(2.7) Spellcasting
 + Level 5.6(4.2) Conjurations


You had 6 spell levels left.
You knew the following spells:

 Your Spells              Type           Power        Failure   Level  Hunger
a - Magic Dart            Conj           ##..         3%          1    #......
b - Searing Ray           Conj           ##....       6%          2    ###....
c - Dazzling Spray        Conj/Hex       #.....       28%         3    ###....


Dungeon Overview and Level Annotations

Branches:
Dungeon (4/15)
 Temple: D:4-7

Altars:

Annotations:
D:3 2 transporters


Innate Abilities, Weirdness & Mutations

((Your plain brown scales are hard. (AC +5)))
You cannot fit into any form of body armour.
((You are cold-blooded and may be slowed by cold attacks.))


Message History

You take 8 damage, and have 21/38 hp.
MASSIVE DAMAGE!!
You now have 8/11 mp.
The searing ray hits the worm.
You kill the worm!
You now have 7/11 mp.
You see here a worm corpse.
You butcher the worm corpse.
m - 2 chunks of flesh {@w0} You start resting.
You hear the slow hiss of a very distant avalanche of sand.
You hear the slow rusting of a drain.
You regained 2 hp, and now have 24/38 hp.
You regained 3 mp, and now have 10/11 mp.
l - 3 pink potions (gained 1)
A worker ant comes into view.
The worker ant twitches its antennae in your direction.
You regained 4 hp, and now have 28/38 hp.
MP restored: 11 A worker ant is nearby!
Aim: a worker ant The searing ray hits the worker ant. (Press . to maintain the ray.)
You now have 9/11 mp.
The searing ray hits the worker ant.
The worker ant barely misses you.
You now have 8/11 mp.
The searing ray hits the worker ant.
The worker ant bites you.
You take 2 damage, and have 26/38 hp.
You now have 7/11 mp.
The searing ray misses the worker ant.
You finish channeling your searing ray.
The worker ant bites you. The worker ant barely misses you.
You take 4 damage, and have 22/38 hp.
You now have 6/11 mp.
The worker ant bites you!
You are poisoned.
The worker ant poisons you!
You take 7 damage, and have 15/38 hp.
Aim: a worker ant (moderately wounded)
You miscast Searing Ray.
You are very lightly contaminated with residual magic.
Nothing appears to happen.
You feel sick. The worker ant bites you.
* * * LOW HITPOINT WARNING * * *
You are lethally poisoned!
The worker ant poisons you!
You take 4 damage, and have 11/38 hp.
You now have 4/11 mp.
* * * LOW HITPOINT WARNING * * *
You feel sick. The worker ant closely misses you.
You take 2 damage, and have 9/38 hp.
It was a potion of might.
You feel very mighty all of a sudden.
* * * LOW HITPOINT WARNING * * *
You feel sick. The worker ant barely misses you.
It was a potion of lignification.
You turn into a tree.
Your roots penetrate the ground.
You feel sick.
The worker ant bites you but does no damage.
The worker ant bites you.
* * * LOW HITPOINT WARNING * * *
You now have 8/57 hp.
You barely miss the worker ant.
* * * LOW HITPOINT WARNING * * *
You feel sick.
The worker ant bites you but does no damage.
You take 1 damage, and have 7/57 hp.
You hit the worker ant.
* * * LOW HITPOINT WARNING * * *
You feel sick.
The worker ant bites you but does no damage.
You take 1 damage, and have 6/57 hp.
You hit the worker ant.
* * * LOW HITPOINT WARNING * * *
You feel sick.
The worker ant bites you but does no damage.
You take 1 damage, and have 5/57 hp.
Aim: a worker ant (severely wounded)
The searing ray hits the worker ant. (Press . to maintain the ray.)
* * * LOW HITPOINT WARNING * * *
You feel sick.
The worker ant bites you but does no damage.
You now have 3/11 mp.
The searing ray hits the worker ant.
The worker ant bites you but does no damage.
The worker ant bites you.
* * * LOW HITPOINT WARNING * * *
You are more poisoned.
The worker ant poisons you!
You take 1 damage, and have 4/57 hp.
You now have 2/11 mp.
The searing ray hits the worker ant.
You kill the worker ant!
You feel your dexterity returning.
* * * LOW HITPOINT WARNING * * *
You feel sick.
You take 2 damage, and have 2/57 hp.
You now have 1/11 mp.
You finish channeling your searing ray.
* * * LOW HITPOINT WARNING * * *
You feel sick.
You take 1 damage, and have 1/57 hp.
You now have 0/11 mp.
Okay, then.
Unknown command.
There is a lethal amount of poison in your body!
Unknown command.
You die...

########## .........#
########## #########.#
#.♣†...... #.......#.#
#.########## #.#####.#.#
#..........#
..#####.#.############.#
...............>..#....#.#
#.#######.#.###.#.#.##.#.#
#.#######.#.###.#.#.#..#.#
.......................#.#
#.####....#.###.#.#.####.#


There were no monsters in sight!

Vanquished Creatures
  The ghost of kal9871 the Charmwright, a weakling SpSk (D:3)
  2 worker ants
  A hound skeleton (D:4)
  3 adders (D:3)
  2 oozes (D:3)
  3 worms
  2 dart slugs
  5 leopard geckos
  7 orcs (D:3)
  3 bats
  4 giant cockroaches
  2 hobgoblins
  4 frilled lizards
  8 goblins
  11 kobolds
  19 rats
77 creatures vanquished.

Notes
Turn   | Place    | Note
-------+----------+-------------------------------------------
     0 | D:1      | mhoghedin the Draconian Conjurer began the quest for the Orb.
     0 | D:1      | Reached XP level 1. HP: 14/14 MP: 3/3
     0 | D:1      | Noticed a minotaur
     1 | D:1      | Noticed a centaur
     9 | D:1      | Noticed a ghoul
    10 | D:1      | Noticed a spriggan
    12 | D:1      | Noticed a draconian
    16 | D:1      | Noticed a naga
    18 | D:1      | Noticed a minotaur skeleton
    20 | D:1      | Noticed an octopode
   282 | D:1      | Reached XP level 2. HP: 18/20 MP: 1/5
   350 | D:1      | Learned a level 2 spell: Searing Ray
  1159 | D:2      | Reached XP level 3. HP: 12/26 MP: 4/7
  1728 | D:2      | Reached skill level 3 in Spellcasting
  1972 | D:2      | Learned a level 3 spell: Dazzling Spray
  2537 | D:3      | Reached XP level 4. HP: 31/33 MP: 4/8
  2622 | D:3      | Reached skill level 5 in Conjurations
  2982 | D:3      | Noticed kal9871's ghost (weakling SpSk)
  2986 | D:3      | Killed kal9871's ghost
  2986 | D:3      | Reached XP level 5. HP: 31/38 MP: 4/10
  3240 | D:3      | Found a transporter.
  3261 | D:3      | Found a transporter.
  3586 | D:4      | Reached skill level 4 in Spellcasting
  3701 | D:4      | HP: 9/38 [poisoned by a worker ant]
  3706 | D:4      | HP: 5/57 [poisoned by a worker ant]
  3709 | D:4      | HP: 2/57 [poisoned by a worker ant]
  3711 | D:4      | Succumbed to a worker ant's poison

Vault maps used:
D:1:      shiori_arrival_whats_in_store_for_you, nrook_loot_triangle
D:3:      gammafunk_steamed_eel, first_ration
D:4:      gammafunk_temple_overflow_elements, chequers_ossuary_entry_cave,
          portal_sewer_entry_f, uniq_ijyb, uniq_natasha

Skill      XL: |  1  2  3  4  5 |
---------------+----------------+-----
Spellcasting   | 3 4 |  4.1
Conjurations   | 5 |  5.6
Dodging        | |  1.7
Stealth        | |  1.7

Action                   |  1- 3 |  4- 6 || total
-------------------------+-------+-------++-------
Melee: Dagger            |   163 |    59 ||   222
       Tailslap          |    13 |     4 ||    17
 Cast: Magic Dart        |    19 |     8 ||    27
       Searing Ray       |     9 |    11 ||    20
  Use: Potion            |       |     9 ||     9
       Scroll            |       |     8 ||     8
 Stab: Sleeping          |     4 |     2 ||     6
  Eat: Chunk             |     6 |     4 ||    10
Armor: Skin              |    55 |    33 ||    88
Dodge: Dodged            |   110 |    56 ||   166

Table legend:
 A = Spawn XP
 B = Non-spawn XP
 C = Spawn XP percentage of total XP
 D = Spawn monster count
 E = Non-spawn monster count
 F = Spawn count percentage of total count
 G = Total turns spent on level
                    A         B        C        D         E        F      G
               +---------+---------+-------+---------+---------+-------+---------
         Total |       0 |     313 |   0.0 |       0 |      77 |   0.0 |  3711
               +---------+---------+-------+---------+---------+-------+---------
           D:1 |       0 |      38 |   0.0 |       0 |      24 |   0.0 |  1113
           D:2 |       0 |      52 |   0.0 |       0 |      29 |   0.0 |  1395
           D:3 |       0 |     163 |   0.0 |       0 |      20 |   0.0 |  1004
           D:4 |       0 |      60 |   0.0 |       0 |       4 |   0.0 |   199
               +---------+---------+-------+---------+---------+-------+---------

Vault maps used:
D:1:      shiori_arrival_whats_in_store_for_you, nrook_loot_triangle
D:3:      gammafunk_steamed_eel, first_ration
D:4:      gammafunk_temple_overflow_elements, chequers_ossuary_entry_cave,
          portal_sewer_entry_f, uniq_ijyb, uniq_natasha

Table legend:
 A = Turns spent in this place as a percentage of turns spent in the entire game.
 B = Non-inter-level travel turns spent in this place as a percentage of non-inter-level travel turns spent in the entire game.
 C = Inter-level travel turns spent in this place as a percentage of turns spent in this place.
 D = Turns resting spent in this place as a percentage of non-inter-level travel turns spent in this place.
 E = Turns spent auto-exploring this place as a percentage of non-inter-level travel turns spent in this place.
 F = Non-inter-level travel turns spent in this place divided by the number of levels of this place that you've seen.
                   A       B       C       D       E      F
               +-------+-------+-------+-------+-------+----------------------
         Total | 100.0 | 100.0 |   2.0 |  35.1 |  46.1 | 909.0
       Dungeon | 100.0 | 100.0 |   2.0 |  35.1 |  46.1 | 909.0
               +-------+-------+-------+-------+-------+----------------------

Table legend:
 A = Kills in this place as a percentage of kills in entire the game.
 B = Kills by you in this place as a percentage of kills by you in the entire game.
 C = Kills by friends in this place as a percentage of kills by friends in the entire game.
 D = Other kills in this place as a percentage of other kills in the entire game.
 E = Experience gained in this place as a percentage of experience gained in the entire game.
 F = Experience gained in this place divided by the number of levels of this place that you have seen.
                   A       B       C       D       E      F
               +-------+-------+-------+-------+-------+----------------------
         Total | 100.0 | 100.0 |   N/A |   N/A | 100.0 |  78.2
       Dungeon | 100.0 | 100.0 |   N/A |   N/A | 100.0 |  78.2
               +-------+-------+-------+-------+-------+----------------------
